 Dungeon Crawl Stone Soup version 0.19-a0-1068-g99dd0f4 (webtiles) character file.

58 HaroldButt the Insei (level 3, -1/28 HPs)
             Began as a Draconian Transmuter on Aug 4, 2016.
             Slain by a gnoll
             ... wielding a +0 spear
              (8 damage)
             ... on level 1 of the Dungeon.
             The game lasted 00:04:38 (1655 turns).

HaroldButt the Insei (Draconian Transmuter)         Turns: 1655, Time: 00:04:38

Health: -1/28      AC:  5    Str: 12    XL:     3   Next: 75%
Magic:  5/6        EV: 12    Int: 17    God:
Gold:   44         SH:  0    Dex: 12    Spells: 2 memorised, 3 levels left

rFire  . . .     SeeInvis .       - Unarmed
rCold  . . .     Gourm    .     (armour unavailable)
rNeg   . . .     Faith    .     (no shield)
rPois  .         Spirit   .     (helmet restricted)
rElec  .         Dismiss  .     (no cloak)
rCorr  .         Reflect  .     (no gloves)
SustAt .         Harm     .     (no boots)
MR     .....                    (no amulet)
Stlth  +.........               (no ring)
                                h - +4 ring of intelligence

@: very slightly contaminated, drained
A: unfitting armour, cold-blooded, AC +5
a: no special abilities


You were on level 1 of the Dungeon.
You were not hungry.

You visited 1 branch of the dungeon, and saw 2 of its levels.

You collected 44 gold pieces.

Inventory:

Missiles
 a - 52 arrows
Jewellery
 h - a +4 ring of intelligence (left hand)
Scrolls
 d - 3 scrolls of random uselessness {unknown}
 e - a scroll of enchant armour {unknown}
 f - a scroll of remove curse {unknown}
 g - a scroll of identify {unknown}
Books
 b - a book of Changes

   Spells                             Type                      Level
   a - Beastly Appendage              Transmutation                1
   b - Sticks to Snakes               Transmutation                2
   c - Spider Form                    Transmutation/Poison         3
   d - Ice Form                       Ice/Transmutation            4
   e - Blade Hands                    Transmutation                5
Comestibles
 c - 2 bread rations


   Skills:
 - Level 1.1(1.0) Fighting
 - Level 1.7 Dodging
 + Level 4.7(4.6) Unarmed Combat
 - Level 2.0(1.9) Spellcasting
 - Level 2.0(1.9) Transmutations


You had 3 spell levels left.
You knew the following spells:

 Your Spells              Type           Power        Failure   Level  Hunger
a - Beastly Appendage     Tmut           #.....       12%         1    #......
b - Sticks to Snakes      Tmut           #.......     17%         2    ###....


Dungeon Overview and Level Annotations

Branches:
Dungeon (2/15)

Altars:


Innate Abilities, Weirdness & Mutations

Your plain brown scales are hard. (AC +5)
Your body does not fit into most forms of armour.
You are cold-blooded and may be slowed by cold attacks.


Message History

The gnoll misses you. The gnoll barely misses you.
Casting: Beastly Appendage
Confirm with . or Enter, or press ? or * to list all spells.
You miscast Beastly Appendage.
You are very lightly contaminated with residual magic.
Nothing appears to happen.
The gnoll hits you from afar with a spear.
The gnoll closely misses you.
You closely miss the gnoll. The gnoll barely misses you.
The gnoll closely misses you.
You closely miss the gnoll. You tail-slap the gnoll.
The gnoll is lightly wounded.
The gnoll hits you from afar with a spear.
The gnoll hits you with a flail!
* * * LOW HITPOINT WARNING * * *
You barely miss the gnoll.
The gnoll is lightly wounded.
The gnoll hits you from afar with a spear!
You die...

#....# ############....##
#....###..........'......
#####........##########....##
#...>).......................
#.##.........#.............##
#.##.........................
#.###....#...................
#.##.......g.........##......
#.##......g.@........##......
#.##..............#####......
#.##...#####+#.....#.........
#.##.........#...............
#.##.........#.............##
#.##.........#.............#
#.##.......................##
#.##........P♣♣..............
#.##.......♣♣♣P♣##......#....


You could see 2 gnolls.

Vanquished Creatures
  A gnoll (D:1)
  2 adders (D:2)
  2 dart slugs (D:1)
  2 giant geckos (D:1)
  A giant cockroach (D:1)
  3 goblins
  A jackal (D:1)
  7 kobolds (D:1)
  A quokka (D:2)
  A bat (D:1)
  2 giant newts (D:1)
  3 rats (D:1)
26 creatures vanquished.

Vanquished Creatures (others)
  A plant (D:1)
1 creature vanquished.

Grand Total: 27 creatures vanquished

Notes
Turn   | Place    | Note
-------+----------+-------------------------------------------
     0 | D:1      | HaroldButt the Draconian Transmuter began the quest for the Orb.
     0 | D:1      | Reached XP level 1. HP: 16/16 MP: 3/3
   197 | D:1      | Reached XP level 2. HP: 21/23 MP: 5/5
   575 | D:1      | Reached skill level 4 in Unarmed Combat
  1024 | D:2      | Reached XP level 3. HP: 14/28 MP: 6/6
  1038 | D:2      | Learned a level 2 spell: Sticks to Snakes
  1655 | D:1      | Slain by a gnoll

Vault maps used:
D:1:      lightli_arrival_maybe_door_vault, serial_bayou_lake_a
D:2:      uniq_sigmund

Skill      XL: |  1  2 |
---------------+-------+-----
Unarmed Combat | 4 |  4.7
Fighting       | |  1.1
Dodging        | |  1.7
Spellcasting   | |  2.0
Transmutations | |  2.0

Action                   || total
-------------------------++-------
Melee: Unarmed           ||   109
       Tailslap          ||    12
       Punch             ||     3
 Cast: Beastly Appendage ||     1
  Eat: Chunk             ||     2
Armor: Skin              ||    25
Dodge: Dodged            ||    64
